 Dungeon Crawl Stone Soup version 0.17-a0-1718-g72dbe4d (webtiles) character file.

650 KINGKRU the Skirmisher (level 7, 0/94 HPs)
             Began as a Minotaur Berserker on Aug 25, 2015.
             Was a Priest of Trog.
             Slain by a gnoll
             ... wielding a +0 falchion
              (7 damage)
             ... on level 6 of the Dungeon.
             The game lasted 00:15:15 (3630 turns).

KINGKRU the Skirmisher (Minotaur Berserker)         Turns: 3630, Time: 00:15:15

Health: 0/94       AC:  2    Str: 28    XL:     7   Next: 28%
Magic:  6/6        EV: 14    Int:  4    God:    Trog [***...]
Gold:   69         SH:  0    Dex: 10    Spells: 0 memorised, 6 levels left

rFire  . . .     SeeInvis .     r - +0 great sword
rCold  . . .     Clarity  .     b - +0 animal skin
rNeg   . . .     SustAt   .     (no shield)
rPois  .         Gourm    .     (helmet restricted)
rElec  .         Spirit   .     (no cloak)
rCorr  .         Warding  .     (no gloves)
rMut   .         Stasis   .     (no boots)
MR     .....                    (no amulet)
Stlth  ..........               (no ring)
                                (no ring)

@: berserking (expiring), very quick, not resistant to hostile enchantments,
extremely unstealthy
A: retaliatory headbutt, horns 2
a: Burn Spellbooks, Berserk, Trog's Hand, Renounce Religion


You were on level 6 of the Dungeon.
You worshipped Trog.
Trog was most pleased with you.
You were not hungry.

You visited 1 branch of the dungeon, and saw 6 of its levels.

You collected 201 gold pieces.
You spent 132 gold pieces at shops.

Inventory:

Hand weapons
 a - a +0 hand axe
 r - a +0 great sword (weapon)
Armour
 b - a +0 animal skin (worn)
Jewellery
 m - an uncursed ring of ice
Magical devices
 k - a wand of flame (48)
 q - a wand of flame (22)
 s - a wand of confusion (22)
 y - a wand of magic darts (44)
Scrolls
 d - a scroll of teleportation
 h - a scroll of identify
 j - a scroll of remove curse
 v - a scroll of blinking {unknown}
 x - a scroll of enchant weapon {unknown}
Potions
 e - a potion of lignification {unknown}
 l - 2 potions of brilliance {unknown}
 n - a potion of curing {unknown}
 o - a potion of berserk rage {unknown}
 p - a potion of mutation {unknown}
 t - a potion of haste {unknown}
 u - a potion of might {unknown}
 w - a potion of degeneration {unknown}
Comestibles
 c - 3 bread rations
 f - 3 meat rations
 g - 5 fruits
 i - a royal jelly


   Skills:
 + Level 6.1 Fighting
 * Level 2.7 Long Blades
 - Level 5.2 Axes
 + Level 2.8 Armour
 + Level 5.6 Dodging
 + Level 1.5 Stealth


You had 6 spell levels left.
You didn't know any spells.

Dungeon Overview and Level Annotations

Branches:
Dungeon (6/15)             Temple (0/1) D:4

Altars:
Ashenzari
Cheibriados
Gozag

Shops:
D:4 }

Annotations:
D:6 monkeypoo's ghost, experienced OgSk


Innate Abilities, Weirdness & Mutations

You reflexively headbutt those who attack you in melee.
You have a pair of horns on your head.


Message History

The gnoll hits you from afar with a spear.
* * * LOW HITPOINT WARNING * * *
The gnoll hits you with a whip!
* * * LOW HITPOINT WARNING * * *
The shadow imp hits you.
* * * LOW HITPOINT WARNING * * *
The gnoll barely misses you.
You slice the gnoll!!
You kill the gnoll!
Trog accepts your kill.
Monkeypoo's ghost whispers, "There is no future for you."
The shadow imp barely misses you. You furiously retaliate!
You headbutt the shadow imp! The gnoll closely misses you.
The gnoll hits you from afar with a spear.
* * * LOW HITPOINT WARNING * * *
You slice the adder!!
You kill the adder!
Trog accepts your kill. The shadow imp closely misses you.
The gnoll hits you with a falchion!
You die...

###.## ##.## .# .#
#...# .# g #...# .# g .
#...# .# .# .. #...#
##.##.#...
######...#####........#
#............gW#.......
.....>......@)g(.#
#............5.##......
######...#####.# .....
#...# #... .... #...#
####.. ... #...# # ..
#...# . ##.##


You could see monkeypoo's ghost, 2 gnolls and a shadow imp.

Vanquished Creatures
  An orc warrior (D:6)
  The ghost of KINGKRU the Firebug, an average HuFE of Makhleb (D:3)
  An ogre (D:4)
  A giant frog (D:6)
  A scorpion (D:4)
  A giant frog skeleton (D:4)
  2 hounds
  An orc priest (D:6)
  An orc wizard (D:6)
  Jessica (D:2)
  2 gnolls (D:6)
  2 adders
  2 oozes
  2 worms
  8 giant geckos
  3 orcs
  6 bats
  8 goblins
  6 hobgoblins
  13 jackals
  A quokka (D:3)
  3 giant cockroaches
  6 giant newts
  6 kobolds
  3 rats
82 creatures vanquished.

Notes
Turn   | Place    | Note
--------------------------------------------------------------
     0 | D:1      | KINGKRU the Minotaur Berserker began the quest for the Orb.
     0 | D:1      | Reached XP level 1. HP: 19/19 MP: 0/0
   181 | D:1      | Reached XP level 2. HP: 18/27 MP: 1/1
   350 | D:1      | Reached skill level 4 in Axes
  1171 | D:2      | Reached XP level 3. HP: 24/33 MP: 2/2
  1318 | D:2      | Acquired Trog's second power
  1464 | D:2      | Noticed Jessica
  1471 | D:2      | Killed Jessica
  1471 | D:2      | Reached XP level 4. HP: 13/41 MP: 3/3
  1777 | D:3      | Found a snail-covered altar of Cheibriados.
  1778 | D:3      | Noticed KINGKRU's ghost (average HuFE)
  1786 | D:3      | Killed KINGKRU's ghost
  1786 | D:3      | Reached skill level 5 in Fighting
  1786 | D:3      | Reached XP level 5. HP: 48/48 MP: 4/4
  1824 | D:3      | Reached skill level 5 in Axes
  1887 | D:3      | Found a shattered altar of Ashenzari.
  2318 | D:4      | Found a staircase to the Ecumenical Temple.
  2329 | D:4      | Noticed an ogre
  2337 | D:4      | Killed an ogre
  2621 | D:4      | Found Zeg San's Gadget Shoppe.
  2622 | D:4      | Noticed a phantom
  2625 | D:4      | Bought a wand of flame (22) for 132 gold pieces
  2831 | D:4      | Reached XP level 6. HP: 56/56 MP: 5/5
  2987 | D:4      | Reached skill level 1 in Long Blades
  2987 | D:4      | Reached skill level 1 in Stealth
  3003 | D:4      | Found an opulent altar of Gozag.
  3116 | D:5      | Entered Level 5 of the Dungeon
  3377 | D:6      | Reached skill level 5 in Dodging
  3380 | D:6      | Reached XP level 7. HP: 38/62 MP: 6/6
  3381 | D:6      | Reached skill level 6 in Fighting
  3623 | D:6      | Noticed monkeypoo's ghost (experienced OgSk)
  3630 | D:6      | Slain by a gnoll

Vault maps used:
D:1:      matt_arrival_diagonals, minmay_misc_feat_iff, kennysheep_boxes
D:2:      uniq_jessica
D:3:      lemuel_crystal_altar, ashenzari_altar_1, serial_glass,
          glass_columns_b, glass_columns_c, first_bread, gup_sewer_entry_bowl,
          supply_closet_lemuel
D:4:      grunt_gozag_breadcrumbs, temple_fountains, serial_shops,
          kennysheep_mini_moat
D:5:      enter_ossuary_2, minmay_misc_feat_square, makhleb_heckhound_becter
D:6:      cheibriados_altar_1, uniq_crazy_yiuf_cottage, uniq_menkaure

Action                   |  1- 3 |  4- 6 |  7- 9 || total
-------------------------+-------+-------+-------++-------
Melee: Hand axe          |    67 |    53 |       ||   120
       Great sword       |       |    24 |     7 ||    31
Invok: Berserk           |       |     2 |     1 ||     3
  Use: Scroll            |       |     4 |       ||     4
  Eat: Bread ration      |     1 |     1 |     1 ||     3
